 Dungeon Crawl Stone Soup version 0.30-a0-439-g9e77e4d916 (webtiles) character file.

Game seed: 7876237295055253290

2201 Armakuni the Frost Mage (level 9, -12/57 HPs)
             Began as a Human Ice Elementalist on Dec 9, 2022.
             Was a Believer of Vehumet.
             Mangled by a two-headed ogre
             ... wielding a +0 giant spiked club
              (25 damage)
             ... on level 6 of the Dungeon on Dec 10, 2022.
             The game lasted 00:20:55 (7055 turns).

Armakuni the Frost Mage (Human Ice Elementalist)    Turns: 7055, Time: 00:20:56

Health: -12/57     AC: 17    Str:  9    XL:     9   Next: 60%
Magic:  8/16       EV: 12    Int: 26    God:    Vehumet [**....]
Gold:   303        SH:  0    Dex: 13    Spells: 4/18 levels left

rFire   . . .      SeeInvis .    a - +3 quarterstaff (chaos)
rCold   . . .      Faith    +    (shield currently unavailable)
rNeg    . . .      Spirit   .    o - +1 animal skin
rPois   +          Reflect  .    p - +2 helmet
rElec   .          Harm     .    (no cloak)
rCorr   .          Rampage  .    h - +1 pair of gloves
Will    .....                    (no boots)
Stlth   ++........               U - amulet of faith
HPRegen 0.29/turn                I - +6 ring of intelligence
MPRegen 0.15/turn                P - ring of poison resistance

@: ice-armoured, freezing walls
A: no striking features
a: Renounce Religion


You were on level 6 of the Dungeon.
You worshipped Vehumet.
Vehumet was pleased with you.
You visited 2 branches of the dungeon, and saw 7 of its levels.

You collected 303 gold pieces.

Inventory:

Hand Weapons
 a - a +3 quarterstaff of chaos (weapon)
 b - a +2 dagger of venom
 q - a +6 halberd
 y - a +0 sling
Missiles
 j - 12 poisoned darts
 w - a throwing net
Armour
 h - a +1 pair of gloves (worn)
 o - a +1 animal skin (worn)
 p - a +2 helmet (worn)
 z - a +0 cloak
Jewellery
 I - a +6 ring of intelligence (left hand)
 P - a ring of poison resistance (right hand)
 U - an amulet of faith (around neck)
Wands
 c - a wand of charming (7)
 n - a wand of flame (39)
Scrolls
 e - 2 scrolls of butterflies
 f - a scroll of fear
 g - 4 scrolls of enchant armour
 m - 7 scrolls of teleportation
 r - a scroll of amnesia
 A - a scroll of identify
Potions
 d - 4 potions of heal wounds
 i - a potion of flight
 k - 2 potions of brilliance
 l - a potion of magic
 s - a potion of resistance
 t - 3 potions of curing
 u - 2 potions of lignification
 v - a potion of invisibility {unknown}
 x - a potion of berserk rage


   Skills:
 - Level 2.0 Dodging
 - Level 2.0 Stealth
 + Level 5.2 Spellcasting
 - Level 11.5 Ice Magic


You had 4 spell levels left.
You knew the following spells:

 Your Spells              Type           Power      Damage    Failure   Level
h - Hailstorm             Conj/Ice       36%        3d9       1%          3
n - Summon Ice Beast      Ice/Summ       36%        N/A       7%          4
o - Ozocubu's Armour      Ice            61%        N/A       1%          3
r - Frozen Ramparts       Ice            100%       1d16      1%          3
z - Freeze                Ice            100%       1d10      1%          1

Your spell library contained the following spells:

 Spells                   Type           Power      Damage    Failure   Level
 Scorch                   Fire           12%        2d6       12%         2
 Gell's Gravitas          Tloc           6%         N/A       22%         3
 Lesser Beckoning         Tloc           12%        N/A       22%         3
 Teleport Other           Tloc           6%         N/A       22%         3


Dungeon Overview and Level Annotations

Branches:
Dungeon (6/15)             Temple (1/1) D:4

Altars:
Ashenzari
Cheibriados
Dithmenos
Elyvilon
Fedhas
Hepliaklqana
Kikubaaqudgha
Makhleb
Nemelex Xobeh
Okawaru
Qazlal
Ru
Sif Muna
Trog
Uskayaw
Vehumet
Wu Jian
Yredelemnul
The Shining One


Message History

Your frozen ramparts will break if you move.
Continue?
The frozen ramparts melt away as you move.
Casting: Frozen Ramparts (safe; 1% risk of failure)
Confirm with . or Enter, or press ? or * to list all spells.
You can't see any susceptible monsters within range! (Use Z to cast anyway.)
Casting: Frozen Ramparts (safe; 1% risk of failure)
Confirm with . or Enter, or press ? or * to list all spells.
Okay, then.
Unknown command.
Casting: Frozen Ramparts (safe; 1% risk of failure)
Confirm with . or Enter, or press ? or * to list all spells.
A film of ice covers your body!
Aiming: Throw Flame
Press: ? - help, Shift-Dir - straight line, f - two-headed ogre
Aim: a two-headed ogre, wielding a +0 giant spiked club and a +0 giant club (lightly wounded, 85% to hit)
The puff of flame hits the two-headed ogre.
The two-headed ogre is moderately wounded.
Casting: Ozocubu's Armour (safe; 1% risk of failure)
Confirm with . or Enter, or press ? or * to list all spells.
Casting: Frozen Ramparts (safe; 1% risk of failure)
Press: ? - help, Dir - look around, f - activate The walls around you are covered in ice.
Aiming: Throw Flame
Press: ? - help, Shift-Dir - straight line, f - two-headed ogre
Aim: a two-headed ogre, wielding a +0 giant spiked club and a +0 giant club (moderately wounded, 85% to hit)
The puff of flame hits the two-headed ogre.
The two-headed ogre is moderately wounded.
The wall freezes the two-headed ogre.
You hit the two-headed ogre.
The two-headed ogre goes berserk!
The two-headed ogre is moderately wounded.
The wall freezes the two-headed ogre.
The two-headed ogre barely misses you. x2
The wall freezes the two-headed ogre!
The two-headed ogre hits you with a +0 giant spiked club!!
The two-headed ogre hits you with a +0 giant club!
* * * LOW HITPOINT WARNING * * *
You hit the two-headed ogre but do no damage.
The two-headed ogre is heavily wounded.
The wall freezes the two-headed ogre.
The two-headed ogre barely misses you.
The two-headed ogre hits you with a +0 giant club!!
You die...

#. #. #.....##.#### #..
#. #.....##.# #.. #.
#........ #.##. #......#
.... #.....## #..##
#......###### #...#
#...........# ##
#O####.....###.#.#
#..#@#........# #.#..
##.#....######## #..#.
#.....#.####### ##..#
#..............#######..
##.#####................
#. #######.......... .
###...... #.......
.........


You could see a two-headed ogre (berserk).

Vanquished Creatures
  Pikel (D:4)
  A sky beast (D:6)
  A black bear (D:4)
  2 ogres
  A phantom (D:4)
  2 lemures (D:4)
  3 necrophages (D:4)
  A scorpion (D:5)
  4 wights (D:4)
  3 orc priests
  Crazy Yiuf (D:4)
  A jelly (D:6)
  A gnoll bouda (D:5)
  2 hounds (D:5)
  A human zombie (D:4)
  3 iguanas
  A scorpion zombie (D:4)
  5 orc wizards
  2 hound zombies (D:4)
  2 mummies (D:4)
  Robin (D:2)
  9 gnolls (D:5)
  6 adders
  A white imp (D:6)
  4 worms
  4 dart slugs
  22 orcs
  7 ball pythons
  5 endoplasms
  2 giant cockroaches
  12 goblins
  13 hobgoblins
  19 jackals
  7 kobolds
  4 quokkas
  6 bats
  3 frilled lizards
  7 rats
170 creatures vanquished.

Notes
Turn   | Place    | Note
-------+----------+-------------------------------------------
     0 | D:1      | Armakuni the Human Ice Elementalist began the quest for the
                  | Orb.
     0 | D:1      | Reached XP level 1. HP: 13/13 MP: 3/3
     2 | D:1      | Upgraded the game from 0.30-a0-424-g7412bad402 to
                  | 0.30-a0-439-g9e77e4d916
   147 | D:1      | Found a faded altar of an unknown god.
   170 | D:1      | Reached XP level 2. HP: 18/19 MP: 5/5
   417 | D:1      | Reached XP level 3. HP: 24/24 MP: 6/6
   445 | D:1      | Reached skill level 5 in Ice Magic
  1097 | D:2      | Reached XP level 4. HP: 30/30 MP: 7/7
  1212 | D:2      | Learned a level 3 spell: Frozen Ramparts
  1388 | D:2      | Noticed Robin
  1399 | D:2      | Killed Robin
  1651 | D:2      | Found a hide-covered altar of Uskayaw.
  1859 | D:2      | Reached XP level 5. HP: 35/35 MP: 8/8
  2023 | D:2      | Reached skill level 6 in Ice Magic
  3214 | D:4      | Noticed a black bear
  3245 | D:4      | Noticed Pikel
  3245 | D:4      | Noticed a lemure
  3245 | D:4      | Noticed a lemure
  3245 | D:4      | Noticed a lemure
  3245 | D:4      | Noticed a lemure
  3318 | D:4      | Killed a black bear
  3319 | D:4      | Reached skill level 7 in Ice Magic
  3319 | D:4      | Reached XP level 6. HP: 14/41 MP: 5/9
  3447 | D:4      | Learned a level 3 spell: Ozocubu's Armour
  3779 | D:4      | Reached XP level 7. HP: 42/46 MP: 7/10
  3839 | D:4      | Reached skill level 8 in Ice Magic
  4001 | D:4      | Killed Pikel
  4002 | D:4      | Reached skill level 9 in Ice Magic
  4002 | D:4      | Reached XP level 8. HP: 52/52 MP: 5/11
  4104 | D:4      | Found a staircase to the Ecumenical Temple.
  4151 | Temple   | Entered the Ecumenical Temple
  4320 | Temple   | Became a worshipper of Vehumet
  4482 | D:4      | Reached skill level 10 in Ice Magic
  4595 | D:4      | Found a basalt altar of Yredelemnul.
  4740 | D:4      | Learned a level 4 spell: Summon Ice Beast
  5053 | D:4      | Reached skill level 11 in Ice Magic
  5275 | D:4      | Found a runed translucent door.
  5276 | D:4      | Noticed Crazy Yiuf
  5285 | D:4      | Killed Crazy Yiuf
  5286 | D:4      | Reached XP level 9. HP: 52/57 MP: 5/12
  5409 | D:5      | Entered Level 5 of the Dungeon
  5645 | D:5      | Reached * piety under Vehumet
  5645 | D:5      | Offered knowledge of Shock by Vehumet.
  5817 | D:5      | Learned a level 3 spell: Hailstorm
  6916 | D:6      | Offered knowledge of Scorch by Vehumet.
  6918 | D:6      | Reached ** piety under Vehumet
  6955 | D:6      | Reached skill level 5 in Spellcasting
  7045 | D:6      | Noticed a two-headed ogre
  7055 | D:6      | Mangled by a two-headed ogre

Illustrated notes

Levels and vault maps discovered:
D:1:      minmay_arrival_shoal_huts, layout_basic,
          shapermc_ecumenical_altar_mp_urbaneastern,
          nicolae_concentric_dashed_squares_mild, serial_park_tiny_1
D:2:      kb_forest_paths, layout_loops_ring, basic_altar, uniq_robin
D:3:      layout_loops_corners, kennysheep_generic_room_2
D:4:      layout_cave_pools, lemuel_mausoleum_altar_yredelemnul,
          temple_hall_moat, minmay_misc_feat_iff,
          corexii_item_surrounded_by_moat, hangedman_decor_clover_reticule,
          minmay_diced_spiral, uniq_crazy_yiuf_cottage, uniq_pikel
D:5:      layout_basic
D:6:      layout_rooms, zin_scriptorium
Temple:   nicolae_temple_bog_church

Skill      XL: |  1  2  3  4  5  6  7  8  9 |
---------------+----------------------------+-----
Ice Magic      | 5 7 9 11 | 11.5
Spellcasting   | 5 |  5.2
Dodging        | |  2.0
Stealth        | |  2.0

Action                   |  1- 3 |  4- 6 |  7- 9 || total
-------------------------+-------+-------+-------++-------
Melee: Dagger            |       |    18 |    17 ||    35
       Flail             |       |       |    52 ||    52
       Halberd           |       |       |    13 ||    13
       Punch             |       |       |     2 ||     2
       Quarterstaff      |       |       |    60 ||    60
 Fire: Sling             |    57 |   124 |    38 ||   219
 Cast: Freeze            |    23 |    34 |     5 ||    62
       Frozen Ramparts   |       |     7 |    25 ||    32
       Ozocubu's Armour  |       |       |    20 ||    20
Evoke: Wand              |       |     6 |     5 ||    11
  Use: Scroll            |       |     8 |     6 ||    14
       Potion            |       |       |     1 ||     1
 Stab: Confused          |       |       |     2 ||     2
       Sleeping          |       |       |     1 ||     1
Armor: Robe              |     9 |     2 |       ||    11
       Animal skin       |       |    36 |    75 ||   111
Dodge: Dodged            |    26 |    58 |    90 ||   174

Table legend: (Time is in decaauts)
 A = Elapsed time spent in this place.
 B = Non-inter-level travel time spent in this place.
 C = Inter-level travel time spent in this place.
 D = Time resting spent in this place.
 E = Time spent auto-exploring this place.
 F = Levels seen in this place.
 G = Mean time per level.
                   A        B        C        D        E       F      G
               +--------+--------+--------+--------+--------+-----+--------+
         Total |   7183 |   6860 |    323 |   1318 |   4081 |   7 | 1026.1 |
       Dungeon |   6982 |   6669 |    313 |   1318 |   3930 |   6 | 1163.7 |
        Temple |    201 |    191 |     10 |      0 |    150 |   1 |  201.0 |
               +--------+--------+--------+--------+--------+-----+--------+

Top non-repeatable levels by time:
     D:4: 1983 daAuts
     D:2: 1313 daAuts
     D:5: 1265 daAuts
     D:3: 1023 daAuts
     D:1: 997 daAuts
     D:6: 397 daAuts
  Temple: 201 daAuts
